 Dungeon Crawl Stone Soup version 0.21-a0-400-g417d9d2 (webtiles) character file.

113 Hasart the Vexing (level 4, 0/21 HPs)
             Began as a Spriggan Enchanter on Oct 20, 2017.
             Slain by a wight
             ... wielding a cursed +5 great sword of freezing
              (6 damage)
             ... on level 3 of the Dungeon.
             The game lasted 00:04:51 (2427 turns).

Hasart the Vexing (Spriggan Enchanter)              Turns: 2427, Time: 00:04:54

Health: 0/21       AC:  2    Str:  4    XL:     4   Next: 65%
Magic:  9/11       EV: 18    Int: 19    God:
Gold:   141        SH:  0    Dex: 16    Spells: 5/11 levels left

rFire    . . .     SeeInvis +   a - +1 dagger
rCold    . . .     Gourm    .   (shield restricted)
rNeg     . . .     Faith    .   b - +0 robe
rPois    .         Spirit   .   (helmet restricted)
rElec    .         Reflect  .   (no cloak)
rCorr    .         Harm     .   (gloves unavailable)
MR       .....                  (boots unavailable)
Stlth    +++.......             (no amulet)
HPRegen  0.07/turn              f - ring of flight
MPRegen  0.12/turn              p - +2 ring of intelligence

@: very quick
A: unfitting armour, see invisible, herbivore 3, speed 3, slow metabolism 2
a: Evoke Flight


You were on level 3 of the Dungeon.
You were hungry.

You visited 1 branch of the dungeon, and saw 3 of its levels.

You collected 141 gold pieces.

Inventory:

Hand Weapons
 a - a +1 dagger (weapon)
Armour
 b - a +0 robe (worn)
Jewellery
 f - a ring of flight (left hand)
 p - a +2 ring of intelligence (right hand)
 r - an uncursed amulet of magic regeneration {unknown}
Scrolls
 g - a scroll of magic mapping {unknown}
 h - a scroll of recharging {unknown}
 i - a scroll of remove curse {unknown}
 k - a scroll of identify {unknown}
 l - a scroll of teleportation {unknown}
 m - a scroll of enchant weapon {unknown}
 n - a scroll of enchant armour {unknown}
Potions
 e - a potion of heal wounds {unknown}
 j - 2 potions of might {unknown}
 o - a potion of agility {unknown}
 q - a potion of berserk rage {unknown}
Books
 c - a book of Maledictions

   Spells                             Type                      Level
   a - Corona                         Hexes                        1
   b - Ensorcelled Hibernation        Hexes/Ice                    2
   c - Confuse                        Hexes                        3
   d - Tukima's Dance                 Hexes                        3
   e - Dazzling Spray                 Conjuration/Hexes            3
Comestibles
 d - a bread ration


   Skills:
 - Level 1.1 Short Blades
 - Level 3.0 Dodging
 - Level 4.4 Stealth
 + Level 4.1 Spellcasting
 * Level 5.8 Hexes


You had 5 spell levels left.
You knew the following spells:

 Your Spells              Type           Power        Failure   Level  Hunger
a - Corona                Hex            ####...      1%          1    None
b - Ensorcelled Hibernat  Hex/Ice        ##....       6%          2    ##.....
c - Confuse               Hex            ####....     3%          3    ###....


Dungeon Overview and Level Annotations

Branches:
Dungeon (3/15)

Altars:
Yredelemnul


Innate Abilities, Weirdness & Mutations

You are very small and have problems with some larger weapons.
You are too small for most types of armour.
You have supernaturally acute eyesight. (SInv)
You are a herbivore.
You cover ground extremely quickly.
You need consume almost no food.


Message History

You hit the wight.
The wight is lightly damaged.
The wight misses you.
You barely miss the wight.
The wight is lightly damaged.
You barely miss the wight.
The wight is lightly damaged.
The wight completely misses you.
You barely miss the wight.
The wight is lightly damaged.
The wight completely misses you.
You barely miss the wight.
The wight is lightly damaged.
You hit the wight but do no damage.
The wight is lightly damaged.
The wight hits you with a great sword of freezing!
Ouch! That really hurt!
* * * LOW HITPOINT WARNING * * *
The wight freezes you.
You die...

#######################
#......................
##.########........####.
########.....z@†..>######.#
#. .......)..########## #.#
#. ########..# #.# #. #..#
#.# #. #..## #.# #† #...#
#.# #† #...## #.####.
#.z..# #######......
#####...#####..............


You could see a wight (confused).

Vanquished Creatures
  A wight (D:3)
  2 adders
  3 dart slugs
  2 leopard geckos (D:1)
  A giant cockroach (D:1)
  2 goblins (D:1)
  7 hobgoblins
  2 jackals (D:2)
  9 bats
  4 frilled lizards
  3 kobolds
  8 rats
44 creatures vanquished.

Notes
Turn   | Place    | Note
-------+----------+-------------------------------------------
     0 | D:1      | Hasart the Spriggan Enchanter began the quest for the Orb.
     0 | D:1      | Reached XP level 1. HP: 9/9 MP: 5/5
   192 | D:1      | Reached skill level 4 in Hexes
   258 | D:1      | Reached XP level 2. HP: 6/13 MP: 7/7
   262 | D:1      | Learned a level 2 spell: Ensorcelled Hibernation
  1087 | D:2      | Found a runed door.
  1087 | D:2      | Noticed a human
  1092 | D:2      | Found a basalt altar of Yredelemnul.
  1346 | D:2      | Reached XP level 3. HP: 16/16 MP: 8/8
  1434 | D:2      | Learned a level 3 spell: Confuse
  1762 | D:2      | Reached skill level 5 in Hexes
  2231 | D:3      | Reached XP level 4. HP: 21/21 MP: 6/10
  2427 | D:3      | Slain by a wight

Vault maps used:
D:1:      dpeg_arrival_rooms_c
D:2:      dk_yredelemnul_ordeal
D:3:      nicolae_qazlal_general_emergency, glass_columns_a, led_sif_pool,
          uniq_natasha

Skill      XL: |  1  2  3  4 |
---------------+-------------+-----
Hexes          | 4 5 |  5.8
Spellcasting   | 3 4 |  4.1
Short Blades   | |  1.1
Dodging        | |  3.0
Stealth        | |  4.4

Action                   |  1- 3 |  4- 6 || total
-------------------------+-------+-------++-------
Melee: Dagger            |   122 |    19 ||   141
 Cast: Corona            |     1 |       ||     1
       Ensorcelled Hiber |    15 |       ||    15
       Confuse           |     2 |     4 ||     6
 Stab: Sleeping          |    24 |       ||    24
       Confused          |     2 |     3 ||     5
Armor: Robe              |    15 |       ||    15
Dodge: Dodged            |    97 |     7 ||   104

Table legend:
 A = Spawn XP
 B = Non-spawn XP
 C = Spawn XP percentage of total XP
 D = Spawn monster count
 E = Non-spawn monster count
 F = Spawn count percentage of total count
 G = Total turns spent on level
                    A         B        C        D         E        F      G
               +---------+---------+-------+---------+---------+-------+---------
         Total |       0 |     162 |   0.0 |       0 |      44 |   0.0 |  2427
               +---------+---------+-------+---------+---------+-------+---------
           D:1 |       0 |      33 |   0.0 |       0 |      19 |   0.0 |  1054
           D:2 |       0 |      44 |   0.0 |       0 |      18 |   0.0 |  1109
           D:3 |       0 |      85 |   0.0 |       0 |       7 |   0.0 |   264
               +---------+---------+-------+---------+---------+-------+---------
